AoeStats
← Alvinangus

Yucatan

510500374Analyzed
2v2 RM · 9h ago on Oct 1, 2026· 28m 32s· 4 players
Game mode
Random Map
Map size
Medium (4 player)
Population
200
Speed
Normal
Resources
Standard
Victory
Conquest
Starting age
Dark Age
Ending age
Imperial Age
RankedLock teamsTeams togetherTeam positionsShared explorationLock speedFull tech treeHidden civsTurbo modeCheats
Victory
Defeat
🇧🇷 Mongols · Brazil
1223
+17
🇺🇦 Turks · Ukraine
1187
+18
🇩🇪 Malians · Germany
1251
-18
🇩🇪 Hindustanis · Germany
1231
-17
Alvinangus
5:22 Loom
12:43 Feudal Age
13:20 Double-Bit Axe
15:59 Castle Age
15:58 Wheelbarrow
24:23 Imperial Age
21:55 Fletching
22:05 Padded Archer Armor
23:22 Hand Cart
25:37 Bodkin Arrow
Merrick
6:51 Loom
10:59 Feudal Age
13:13 Double-Bit Axe
16:21 Castle Age
16:01 Stone Mining
19:30 Bow Saw
21:26 Horse Collar
22:29 Gold Mining
23:54 Fervor
23:51 Heavy Plow
25:37 Heavy Plow
28:13 Padded Archer Armor
28:04 Fletching
wasserk0cher
0:38 Loom
11:36 Feudal Age
14:26 Bloodlines
21:02 Castle Age
19:14 Town Watch
19:48 Gold Mining
26:34 Horse Collar
prinzessin salzig
0:26 Loom
11:13 Feudal Age
11:17 Man-at-Arms
11:46 Town Watch
22:02 Castle Age
20:41 Double-Bit Axe
26:38 Husbandry
27:23 Bloodlines
Connection lost

Rejoining the realm…

Still unreachable

The connection could not be restored.

Session expired

The server has moved on; the page needs a fresh start.